 Dungeon Crawl Stone Soup version 0.20-a0-494-gf50ee04 (webtiles) character file.

353856 aspy the Warrior (level 22, 0/225 HPs)
             Began as a Naga Abyssal Knight on Jan 17, 2017.
             Was a High Priest of Lugonu.
             Slain by a 17-headed hydra (9 damage)
             ... on level 1 of the Abyss.
             The game lasted 03:52:29 (60909 turns).

aspy the Warrior (Naga Abyssal Knight)             Turns: 60909, Time: 03:52:30

Health: 0/225      AC: 42    Str: 18    XL:     22   Next: 28%
Magic:  24/33      EV:  9    Int: 15    God:    Lugonu [*****.]
Gold:   2187       SH:  0    Dex: 15    Spells: 21/21 levels left

rFire    + . .     SeeInvis +   b - +7 lajatang (speed)
rCold    + . .     Gourm    .   t - +15 Maxwell's patent armour {-Cast -Tele rElec MR+ rCorr}
rNeg     . . .     Faith    .   (shield currently unavailable)
rPois    +         Spirit   .   R - +2 helmet
rElec    +         Reflect  .   s - +2 cloak {+Inv}
rCorr    +         Harm     .   M - +1 pair of gloves
MR       ++++.     NoTele   +   (no barding)
Stlth    +......... NoCast   +  C - amulet "Vucoq" {rC++ Regen+}
Regen    0.9/turn               e - ring of fire
                                D - ring of protection from magic

@: very slow
A: see invisible, deformed body, poison resistance, slowness 2, slow metabolism
1, spit poison 1, constrict 1, AC +7
}: 2/15 runes: decaying, serpentine
a: Spit Poison, Depart the Abyss, Bend Space, Banish, Corrupt, Enter the Abyss,
Renounce Religion, Evoke Invisibility


You were on level 1 of the Abyss.
You worshipped Lugonu.
Lugonu was extremely pleased with you.
You were not hungry.

You visited 7 branches of the dungeon, and saw 36 of its levels.
You visited the Abyss 2 times.
You also visited: Bailey.

You collected 4021 gold pieces.
You spent 1834 gold pieces at shops.

Inventory:

Hand Weapons
 a - the +12 war axe "Far Dehaoll" {chop, rElec rC- Dex+9}
   (You found it on level 2 of the Lair of Beasts)

   It inflicts extra damage upon your enemies.
   It affects your dexterity (+9).
   It makes you vulnerable to cold.
   It insulates you from electricity.
 b - a +7 lajatang of speed (weapon)
Armour
 s - a +2 cloak of invisibility (worn)
 t - the +15 Maxwell's patent armour (worn) {-Cast -Tele rElec MR+ rCorr}
   (You acquired it on level 3 of the Vaults)

   It insulates you from electricity.
   It affects your resistance to hostile enchantments.
   It prevents spellcasting.
   It prevents most forms of teleportation.
   It protects you from acid and corrosion.
 M - a +1 pair of gloves (worn)
 R - a +2 helmet (worn)
Jewellery
 e - a ring of fire (right hand)
 C - the amulet "Vucoq" (around neck) {rC++ Regen+}
   (You bought it in a shop on level 2 of the Snake Pit)

   [amulet of regeneration]

   It greatly protects you from cold.
   It increases your rate of regeneration.
 D - a ring of protection from magic (left hand)
 F - an uncursed ring of flight
 J - an uncursed ring of protection from cold
Wands
 N - a wand of iceblast (3/15)
 P - a wand of lightning (4/15)
 T - a wand of iceblast (0/15)
Scrolls
 g - 12 scrolls of teleportation
 h - 9 scrolls of remove curse
 m - 2 scrolls of vulnerability
 n - 9 scrolls of magic mapping
 q - a scroll of identify
 r - 2 scrolls of fog
 w - 2 scrolls of recharging
 y - 3 scrolls of fear
 B - 7 scrolls of amnesia
 I - 2 scrolls of blinking
 U - a scroll of holy word
Potions
 i - 6 potions of magic
 l - a potion of resistance
 v - 3 potions of haste
 z - 8 potions of curing
 A - 3 potions of brilliance
 E - 3 potions of heal wounds
 G - 2 potions of cure mutation
 H - a potion of ambrosia
 K - 2 potions of flight
 S - a potion of invisibility
Miscellaneous
 j - a lamp of fire (inert)
Comestibles
 c - 21 bread rations
 f - 27 fruits
 k - 3 meat rations
 o - 15 beef jerkies
 p - 4 slices of pizza


   Skills:
 - Level 19.5 Fighting
   Level 2.7 Short Blades
 - Level 14.2(16.0) Axes
   Level 12.8(16.0) Maces & Flails
 * Level 8.9(11.9) Staves
 - Level 11.9 Armour
 - Level 11.7 Dodging
 - Level 11.7 Stealth
   Level 9.0 Shields
 - Level 15.4 Invocations


You had 21 spell levels left.
You didn't know any spells.

Dungeon Overview and Level Annotations

Branches:
Dungeon (15/15)            Temple (0/1) D:6            Lair (6/6) D:9
  Swamp (4/4) Lair:2        Snake (4/4) Lair:3        Slime (0/5) Lair:5
    Orc (2/2) D:11            Elf (0/3) Orc:2        Vaults (4/5) D:13
  Crypt (0/3) Vaults:2     Depths (1/5) D:15

Altars:
Ashenzari
Dithmenos
Elyvilon
Kikubaaqudgha
Makhleb
Nemelex Xobeh
Xom
Yredelemnul
Zin
The Shining One
Jiyva

Shops:
D:8 ?   D:9 =:   Orc:2 (!((=   Snake:2 }=}   Vaults:1 :   Vaults:3 (

Annotations:
D:4 Dowan, Duvessa
D:11 Urug
Lair:1 exclusion: 2 hydras
Lair:3 exclusion: 2 oklob plants
Snake:3 Asterion
Vaults:3 corrupted
Vaults:4 enchW scroll : dig
Abyss:1 Fannar, Grum, Mara, Rupert, Vashnia


Innate Abilities, Weirdness & Mutations

You cannot wear boots.
Your serpentine skin is tough. (AC +7)
You have supernaturally acute eyesight. (SInv)
Armour fits poorly on your strangely shaped body.
Your system is resistant to poisons. (rPois)
You cover ground very slowly.
You have a slow metabolism.
You can spit poison.
You can use your snake-like lower body to constrict enemies.


Message History

Your Maxwell's patent armour prevents you from hitting the 17-headed hydra.
The 17-headed hydra is severely wounded.
You barely miss the 17-headed hydra.
The 17-headed hydra is severely wounded.
The 17-headed hydra bites you but does no damage.
The 17-headed hydra bites you!
* * * LOW HITPOINT WARNING * * *
The 17-headed hydra bites you but does no damage.
The 17-headed hydra closely misses you.
The 17-headed hydra bites you but does no damage.
The 17-headed hydra bites you!
* * * LOW HITPOINT WARNING * * *
The 17-headed hydra bites you but does no damage. x3
The 17-headed hydra bites you!
* * * LOW HITPOINT WARNING * * *
The 17-headed hydra bites you but does no damage. x3
The 17-headed hydra bites you.
* * * LOW HITPOINT WARNING * * *
The 17-headed hydra bites you!
You die...

# #. #
.......
......
....'..
.$.....
.......# #
.........
.......D##
........@#
.........#
_.........#
#.###.......
. #.......
.#...###..#
..#...# ##.
...#.#..


You could see a 17-headed hydra.

Vanquished Creatures
  Boris (Vaults:3)
  Saint Roka (Vaults:4)
  Nikola (Swamp:4)
  A lich (Depths:1)
  A tentacled monstrosity (Vaults:4)
  3 thorn hunters
  A storm dragon (Vaults:2)
  Agnes (Snake:2)
  A tengu reaver (Vaults:2)
  Donald (Orc:2)
  10 nagarajas (Snake:4)
  A deep elf sorcerer (Vaults:4)
  Aizul (Snake:1)
  Louise (D:15)
  11 ironheart preservers
  6 vault wardens
  5 stone giants
  A war gargoyle (Vaults:4)
  2 very ugly things (Vaults:4)
  2 deep elf demonologists
  Azrael (D:15)
  A deep elf annihilator (Vaults:2)
  A fire dragon (Vaults:4)
  Josephine (Orc:1)
  A great orb of eyes (Vaults:3)
  5 yaktaur captains
  6 vault guards (Vaults:4)
  5 ghost crabs
  7 hydras
  16 naga warriors
  4 rakshasas
  16 anacondas
  3 death knights
  2 ice dragons (Vaults:2)
  9 centaur warriors
  A deep troll shaman (Depths:1)
  7 ogre magi
  An alligator (shapeshifter) (Vaults:2)
  6 death yaks
  35 two-headed ogres
  A queen ant (Lair:5)
  A deep troll earth mage (Vaults:2)
  11 alligators
  9 naga sharpshooters
  Sonja (Orc:2)
  9 shock serpents
  3 deep elf knights
  A salamander mystic (Snake:2)
  3 glowing orange brains
  2 spriggan druids (Swamp:3)
  A swamp dragon (shapeshifter) (Vaults:4)
  3 unseen horrors
  13 swamp dragons
  12 naga ritualists
  A flayed ghost (Vaults:4)
  11 wizards
  12 deep trolls (Vaults:2)
  8 harpies
  5 deep elf archers
  12 ironbrand convokers
  A wolf spider zombie (D:15)
  2 necromancers
  16 orc knights
  An orb spider (shapeshifter) (Vaults:1)
  17 mana vipers
  24 ugly things
  3 shambling mangroves
  A phantasmal warrior (Vaults:3)
  5 orc sorcerers
  6 wolf spiders
  A salamander (shapeshifter) (Vaults:4)
  17 deep elf magi
  A cyclops (shapeshifter) (Vaults:3)
  4 manticores
  A moth of wrath (shapeshifter) (Vaults:4)
  12 salamanders
  A stone giant skeleton (Vaults:4)
  9 cyclopes
  A black mamba (shapeshifter) (Vaults:3)
  3 vault sentinels
  55 black mambas
  12 elephants
  29 naga magi
  5 guardian serpents
  2 gargoyles (D:13)
  2 human zombies (Vaults:4)
  25 spiny frogs
  3 freezing wraiths
  5 centaur skeletons
  4 rime drakes
  A yaktaur (shapeshifter) (Vaults:3)
  23 yaktaurs
  2 efreet
  6 komodo dragons
  A tengu conjurer (D:13)
  A jumping spider (Vaults:4)
  16 hornets
  11 tyrant leeches
  11 trolls
  9 polar bears
  3 meliai (D:14)
  A hornet (shapeshifter) (D:15)
  22 blink frogs
  50 slime creatures
  A human simulacrum (Vaults:2)
  6 bog bodies
  7 dream sheep
  10 hippogriffs
  A meliai zombie (D:11)
  An ettin skeleton (Vaults:4)
  2 centaur simulacra
  A tarantella (Vaults:1)
  A vampire (D:11)
  3 shadows
  Sigmund (D:5)
  3 redbacks (Vaults:4)
  21 spriggans
  10 wraiths
  23 yaks
  A tarantella (shapeshifter) (Vaults:2)
  5 wyverns
  4 basilisks
  2 fire elementals (D:15)
  11 vampire mosquitoes
  A steam dragon (D:11)
  23 swamp worms
  A soldier ant (shapeshifter) (Vaults:4)
  20 soldier ants (Lair:5)
  93 nagas
  11 insubstantial wisps
  8 wargs
  4 acid dragons
  An acid dragon (shapeshifter) (Vaults:4)
  A floating eye (shapeshifter) (D:15)
  3 hell hounds (D:15)
  9 water moccasins
  14 swamp drakes
  43 orc warriors
  13 porcupines
  7 black bears
  8 sky beasts
  4 necrophages
  3 phantoms
  11 ice beasts
  50 ogres
  2 eyes of draining
  14 boggarts
  26 wolves
  33 centaurs
  3 big kobolds
  17 crocodiles
  2 wyvern zombies
  20 bullfrogs
  5 scorpions
  4 wyvern skeletons
  A water moccasin skeleton (D:4)
  13 killer bees
  6 howler monkeys
  15 wights
  An electric eel (Lair:5)
  8 crimson imps
  A bullfrog zombie (D:6)
  4 centaur zombies
  A quasit (D:9)
  7 jellies
  8 hounds
  26 orc priests
  30 orc wizards
  2 bullfrog skeletons (D:10)
  5 iguanas
  28 worker ants
  A worker ant zombie (D:11)
  A howler monkey zombie (D:5)
  6 gnolls
  A howler monkey skeleton (D:7)
  13 adders
  4 shadow imps
  3 river rats (D:5)
  3 white imps (D:13)
  3 ufetubi (D:13)
  An adder zombie (D:8)
  An adder skeleton (D:9)
  A dart slug (D:1)
  4 leopard geckos
  119 orcs
  5 giant cockroaches
  8 hobgoblins
  6 quokkas
  A ball python (D:5)
  9 bats
  6 frilled lizards
  13 goblins
  A jackal skeleton (D:6)
  A jackal zombie (D:5)
  19 kobolds
  A leopard gecko skeleton (D:6)
  A leopard gecko zombie (D:5)
  A quokka skeleton (D:5)
  3 rats
  5 fungi
  4 plants
1693 creatures vanquished.

Vanquished Creatures (others)
  A vault warden (Vaults:3)
  An orc warlord (Orc:1)
  3 entropy weavers
  4 ettins
  2 ogre magi
  2 ice dragons (Vaults:3)
  A centaur warrior (D:13)
  15 hydras
  An alligator (Swamp:3)
  6 two-headed ogres
  5 naga sharpshooters
  A wizard (Vaults:2)
  2 spriggan druids (Swamp:4)
  7 ironbrand convokers
  A phantasmal warrior (D:13)
  A necromancer (Vaults:3)
  2 cyclopes
  2 ugly things
  An orc sorcerer (Orc:2)
  2 deep elf magi (D:13)
  7 vault sentinels
  A naga mage (Snake:2)
  2 spiny frogs (Lair:1)
  A komodo dragon (Lair:3)
  2 freezing wraiths (D:13)
  9 yaktaurs (Vaults:3)
  A polar bear (D:13)
  A tyrant leech (Swamp:4)
  A slime creature (Vaults:3)
  A centaur simulacrum (D:13)
  3 yaks (Lair:1)
  A wyvern (D:10)
  A hungry ghost (D:10)
  3 vampire mosquitoes (Swamp:4)
  5 swamp drakes (Swamp:4)
  2 orc warriors
  2 wolves (D:10)
  An ogre (Vaults:1)
  5 centaurs
  2 crocodiles
  2 killer bees (D:10)
  A bullfrog simulacrum (D:13)
  A quokka (D:5)
  A rat (D:5)
  A briar patch (Swamp:3)
  24 fungi
  30 plants
  2 starspawn tentacles (Vaults:3)
173 creatures vanquished.

Grand Total: 1866 creatures vanquished

Notes
Turn   | Place    | Note
-------+----------+-------------------------------------------
     0 | Abyss:1  | aspy the Naga Abyssal Knight began the quest for the Orb.
     0 | Abyss:1  | Reached XP level 1. HP: 21/21 MP: 2/2
    50 | D:1      | Escaped the Abyss
   392 | D:1      | Reached XP level 2. HP: 28/28 MP: 3/3
   883 | D:1      | Reached XP level 3. HP: 34/34 MP: 4/4
  1218 | D:2      | Reached skill level 1 in Short Blades
  1219 | D:2      | Reached * piety under Lugonu
  1597 | D:2      | Reached XP level 4. HP: 21/43 MP: 4/6
  2256 | D:3      | Found a shadowy altar of Dithmenos.
  2295 | D:3      | Reached XP level 5. HP: 25/49 MP: 7/7
  2875 | D:3      | Found a glowing golden altar of the Shining One.
  3020 | D:3      | Reached skill level 4 in Fighting
  3521 | D:3      | Reached XP level 6. HP: 52/57 MP: 9/9
  3823 | D:4      | Noticed a black bear
  3832 | D:4      | Killed a black bear
  3949 | D:4      | Noticed Dowan
  4072 | D:4      | Reached ** piety under Lugonu
  4073 | D:4      | Reached XP level 7. HP: 48/66 MP: 10/10
  4274 | D:4      | Reached skill level 5 in Maces & Flails
  4999 | D:4      | Noticed Duvessa
  5052 | D:5      | Entered Level 5 of the Dungeon
  5287 | D:5      | Found a shadowy altar of Dithmenos.
  5435 | D:5      | Reached XP level 8. HP: 52/73 MP: 11/11
  5712 | D:5      | Noticed Sigmund
  5968 | D:5      | Killed Sigmund
  5968 | D:5      | Reached skill level 1 in Dodging
  6359 | D:5      | Identified Tacaz's Almanac of Dislocated Unholy Magic
  6782 | D:5      | Found a white marble altar of Elyvilon.
  7028 | D:5      | Reached XP level 9. HP: 73/80 MP: 12/12
  7148 | D:5      | Reached skill level 5 in Fighting
  7148 | D:5      | Reached skill level 5 in Invocations
  7317 | D:6      | Reached *** piety under Lugonu
  7988 | D:6      | Found a staircase to the Ecumenical Temple.
  8259 | D:6      | Found a burning altar of Makhleb.
  8264 | D:6      | Found a glowing silver altar of Zin.
  8264 | D:6      | Noticed an angel
  8264 | D:6      | Noticed a cacodemon
  8685 | D:7      | Found a sparkling altar of Nemelex Xobeh.
  9564 | D:8      | Found Useuwineg's Magic Scroll Boutique.
  9570 | D:8      | Bought a scroll of identify for 30 gold pieces
  9815 | D:8      | Found a flagged portal.
  9821 | Bailey   | Entered a bailey
 10007 | D:8      | Noticed a two-headed ogre
 10008 | D:8      | Banished a two-headed ogre
 10008 | D:8      | Reached XP level 10. HP: 91/91 MP: 16/16
 10047 | D:8      | You fall through a shaft for 2 floors!
 10047 | D:10     | Entered Level 10 of the Dungeon
 10360 | D:10     | Noticed a two-headed ogre
 10361 | D:10     | Banished a two-headed ogre
 10361 | D:10     | Reached skill level 6 in Fighting
 10361 | D:10     | Reached skill level 10 in Maces & Flails
 10368 | D:10     | Noticed Grum
 10372 | D:10     | Banished Grum
 12296 | D:9      | Found Qoip's Book Shoppe.
 12370 | D:9      | Found Kazuluymn's Jewellery Shoppe.
 13196 | D:8      | Reached skill level 7 in Fighting
 13617 | D:8      | Reached XP level 11. HP: 51/100 MP: 18/18
 14086 | D:9      | Found a staircase to the Lair.
 14368 | Lair:1   | Entered Level 1 of the Lair of Beasts
 14799 | Lair:1   | Noticed an eight-headed hydra
 14862 | Lair:1   | Noticed a six-headed hydra
 15030 | Lair:1   | Reached skill level 10 in Invocations
 15286 | Lair:1   | Reached skill level 8 in Fighting
 16376 | Lair:2   | Noticed a four-headed hydra
 16387 | Lair:2   | Killed a four-headed hydra
 16527 | Lair:2   | Got a shimmering war axe
 17065 | Lair:2   | Reached XP level 12. HP: 62/112 MP: 20/20
 18280 | D:11     | Found a staircase to the Orcish Mines.
 18546 | D:10     | Identified the +12 war axe "Far Dehaoll" {chop, rElec rC- Dex+9} (You found it on level 2 of the Lair of Beasts)
 18838 | D:11     | Reached skill level 1 in Axes
 19030 | D:11     | Noticed a two-headed ogre
 19032 | D:11     | Banished a two-headed ogre
 19032 | D:11     | Reached skill level 9 in Fighting
 19108 | D:11     | Reached skill level 1 in Shields
 19250 | D:11     | Noticed Fannar
 19253 | D:11     | Banished Fannar
 19529 | D:11     | Noticed Urug
 19586 | D:11     | Found a shattered altar of Ashenzari.
 19590 | D:11     | Saw a vision of the Swamp and the Snake Pit.
 19590 | D:11     | Noticed an alligator
 19590 | D:11     | Noticed an alligator
 19590 | D:11     | Noticed an alligator
 19590 | D:11     | Noticed a naga warrior
 19590 | D:11     | Noticed a shock serpent
 19592 | D:11     | Noticed an alligator
 19635 | D:11     | Found a glowing silver altar of Zin.
 20322 | Lair:2   | Banished a six-headed hydra
 20702 | Lair:2   | Found a staircase to the Swamp.
 20950 | Lair:3   | Reached skill level 5 in Axes
 21166 | Lair:3   | Found a shimmering altar of Xom.
 21348 | Lair:3   | Found a staircase to the Snake Pit.
 22025 | Lair:3   | Gained mutation: You can use your snake-like lower body to constrict enemies. [Naga growth]
 22025 | Lair:3   | Reached XP level 13. HP: 118/123 MP: 21/21
 22184 | Lair:3   | Reached skill level 10 in Fighting
 23296 | Lair:4   | Reached **** piety under Lugonu
 23734 | Lair:4   | Reached skill level 5 in Stealth
 25108 | Lair:5   | Noticed an entropy weaver
 25116 | Lair:5   | Banished an entropy weaver
 25287 | Lair:5   | Noticed an entropy weaver
 25288 | Lair:5   | Banished an entropy weaver
 25288 | Lair:5   | Reached skill level 11 in Fighting
 25406 | Lair:5   | Reached skill level 10 in Axes
 25612 | Lair:5   | Reached XP level 14. HP: 105/135 MP: 23/23
 25968 | Lair:5   | Got an ichor-stained scale mail
 25979 | Lair:5   | Identified the +8 scale mail of Raemuota {+Fly Str-5 Dex+4 SInv} (You found it on level 5 of the Lair of Beasts)
 26030 | Lair:5   | Found a viscous altar of Jiyva.
 26031 | Lair:5   | Found a staircase to the Slime Pits.
 26149 | Lair:6   | Entered Level 6 of the Lair of Beasts
 26893 | Lair:6   | Reached ***** piety under Lugonu
 27633 | Lair:6   | Reached skill level 12 in Fighting
 28327 | Orc:1    | Entered Level 1 of the Orcish Mines
 28569 | Orc:1    | Noticed Josephine
 28576 | Orc:1    | Killed Josephine
 28882 | Orc:1    | Paralysed by an orc sorcerer for 4 turns
 28890 | Orc:1    | Reached XP level 15. HP: 86/146 MP: 24/24
 29196 | Orc:2    | Entered Level 2 of the Orcish Mines
 29196 | Orc:2    | Found Mube's Jewellery Emporium.
 29209 | Orc:2    | Noticed Sonja
 29222 | Orc:2    | Killed Sonja
 29618 | Orc:2    | Found Poumic's Antique Weapon Shoppe.
 29979 | Orc:2    | Paralysed by an orc sorcerer for 6 turns
 30466 | Orc:2    | Noticed Rupert
 30469 | Orc:2    | Banished Rupert
 30522 | Orc:2    | Found a staircase to the Elven Halls.
 30522 | Orc:2    | Noticed Donald
 30532 | Orc:2    | Killed Donald
 30785 | Orc:2    | Found Plog's Weapon Boutique.
 30785 | Orc:2    | Found Etud's Antique Weapon Emporium.
 30786 | Orc:2    | Found Maisor's Distillery.
 30803 | Orc:2    | Reached skill level 13 in Fighting
 30806 | Orc:2    | Bought 2 potions of haste for 340 gold pieces
 30806 | Orc:2    | Bought a potion of curing for 51 gold pieces
 30954 | Orc:1    | Noticed an orc warlord
 31144 | Orc:1    | Banished an orc warlord
 33003 | D:13     | Reached skill level 5 in Shields
 33145 | D:13     | Reached XP level 16. HP: 154/157 MP: 25/25
 33801 | D:13     | Found a gate to the Vaults.
 35007 | D:15     | Entered Level 15 of the Dungeon
 35009 | D:15     | Noticed Louise
 35024 | D:15     | Killed Louise
 35026 | D:15     | Got a spiked large shield
 35040 | D:14     | Identified the cursed +0 large shield of Agem {+Fly Dex+6} (You took it off Louise on level 15 of the Dungeon)
 35803 | D:15     | Found a glowing golden altar of the Shining One.
 35921 | D:15     | Noticed Azrael
 35952 | D:15     | Killed Azrael
 35962 | D:15     | Reached ****** piety under Lugonu
 36162 | D:15     | Found a staircase to the Depths.
 36810 | D:9      | Bought an uncursed ring of protection from magic for 375 gold pieces
 36810 | D:9      | Bought a cursed ring of protection from cold for 330 gold pieces
 36917 | Swamp:1  | Entered Level 1 of the Swamp
 38336 | Swamp:2  | Got a warped robe
 38438 | Swamp:2  | Identified the +1 robe of Wedwuf {Str+2} (You found it on level 2 of the Swamp)
 38515 | Swamp:2  | Reached XP level 17. HP: 133/165 MP: 27/27
 39571 | Swamp:2  | Reached skill level 14 in Fighting
 40197 | Swamp:3  | Reached skill level 10 in Stealth
 41389 | Swamp:4  | Entered Level 4 of the Swamp
 41401 | Swamp:4  | Noticed Nikola
 41528 | Swamp:4  | Noticed Mara
 41532 | Swamp:4  | Noticed aspy's illusion
 42792 | Swamp:4  | Killed Nikola
 43226 | Swamp:4  | Banished Mara
 43278 | Swamp:4  | Reached skill level 5 in Armour
 43712 | Swamp:4  | Reached skill level 15 in Fighting
 43903 | Swamp:4  | Reached skill level 15 in Invocations
 44044 | Swamp:4  | Got a decaying rune of Zot
 44072 | Swamp:4  | Reached XP level 18. HP: 177/178 MP: 29/29
 44301 | Swamp:4  | Got a jewelled leather armour
 44315 | Swamp:4  | Identified the cursed +0 leather armour of Nulewuco {MR+ Str+3 Int+4 Dex-3} (You found it on level 4 of the Swamp)
 44709 | Snake:1  | Entered Level 1 of the Snake Pit
 44709 | Snake:1  | Noticed Aizul
 44723 | Snake:1  | Killed Aizul
 44723 | Snake:1  | Reached skill level 5 in Dodging
 46031 | Snake:2  | You fall through a shaft!
 46500 | Snake:2  | Found Biuso's Gadget Emporium.
 46507 | Snake:2  | Found Kuxaez's Jewellery Shop.
 46508 | Snake:2  | Found Myir's Gadget Emporium.
 46623 | Snake:2  | Noticed Agnes
 46642 | Snake:2  | Killed Agnes
 47294 | Snake:2  | Noticed Vashnia
 47301 | Snake:2  | Banished Vashnia
 47616 | Snake:2  | Reached skill level 16 in Fighting
 48408 | Snake:3  | Reached XP level 19. HP: 189/189 MP: 30/30
 49037 | Snake:4  | Entered Level 4 of the Snake Pit
 49046 | Snake:4  | Noticed Asterion
 49769 | Snake:4  | Identified the +4 trident of the Undead {pierce, -Tele Dex+5} (You found it on level 4 of the Snake Pit)
 50679 | Snake:4  | Reached skill level 17 in Fighting
 52040 | Snake:4  | Got a serpentine rune of Zot
 52445 | Vaults:1 | Entered Level 1 of the Vaults
 52445 | Vaults:1 | Found Odaebri's Book Emporium.
 52464 | Vaults:1 | Reached XP level 20. HP: 184/201 MP: 31/31
 52922 | Vaults:1 | Reached skill level 10 in Armour
 53394 | Vaults:1 | Reached skill level 10 in Dodging
 54654 | Vaults:2 | Reached skill level 18 in Fighting
 55930 | Vaults:2 | Reached XP level 21. HP: 213/213 MP: 32/32
 56063 | Vaults:2 | Found a staircase to the Crypt.
 56063 | Vaults:2 | Found an ancient bone altar of Kikubaaqudgha.
 56224 | Vaults:2 | Found a basalt altar of Yredelemnul.
 57029 | Vaults:3 | Corrupted Vaults:3
 57042 | Vaults:3 | Noticed a bone dragon
 57913 | Vaults:3 | Noticed Boris
 58037 | Vaults:3 | Killed Boris
 58251 | Vaults:3 | Found Tadgh's Antique Weapon Emporium.
 58670 | Vaults:3 | Identified a scroll of acquirement
 58719 | Vaults:4 | Reached skill level 1 in Staves
 58723 | Vaults:4 | Reached skill level 19 in Fighting
 59262 | Vaults:4 | Reached skill level 5 in Staves
 59532 | Vaults:4 | Reached XP level 22. HP: 223/225 MP: 33/33
 59826 | Vaults:4 | Noticed Saint Roka
 59848 | Vaults:4 | Killed Saint Roka
 60353 | Lair:1   | You fall through a shaft!
 60509 | Snake:2  | Bought the amulet "Vucoq" {rC++ Regen+} for 708 gold pieces
 60759 | Depths:1 | Entered Level 1 of the Depths
 60909 | Abyss:1  | HP: 9/225 [17-headed hydra (6)]
 60909 | Abyss:1  | Slain by a 17-headed hydra

Vault maps used:
D:1:      saegor_arrival_simple_e, minmay_misc_feat_five
D:2:      wad_lake_hut
D:3:      lemuel_round_altar, grunt_dithmenos_smoke
D:4:      first_bread, uniq_duvessa
D:5:      wad_woods_stonehenge, elyvilon_altar_4, portal_sewer_entry_a,
          roderic_lattice_a, st_stairs_13, uniq_sigmund
D:6:      grunt_temple_overflow_order_and_chaos_2, hangedman_decor_riveting
D:7:      basic_altar, grunt_ogre_cave
D:8:      enter_bailey_3, serial_shops, shop, hangedman_decor_slide_cut
D:9:      minmay_lair_entry_grove, serial_shops, nicolae_shop_trees, shop
D:10:     uniq_grum
D:11:     david_orc_2, portal_ice_cave_entry_ice_beasts, nrook_loot_triangle,
          kennysheep_flooded_box, grunt_ashenzari_visionary, uniq_urug,
          uniq_fannar
D:13:     david_vaults_1, serial_ice, serial_ice_n, serial_ice_a, serial_ice_i,
          serial_ice_h, minmay_misc_feat_four_crosses
D:14:     dk_noncrumbling_4, item_on_display_a
D:15:     hangedman_depths_entry_try_elsewhere_first, tso_metal_star,
          uniq_azrael, uniq_louise
Lair:2:   swamp_mist
Lair:3:   minmay_snake_entry_guardpost_medium, basic_altar, st_stairs_9,
          minmay_lair_oklob_chamber, grunt_megastairs_5
Lair:4:   kilobyte_rumbling_trees
Lair:5:   slime_altar_1, st_stairs_5, zaba_antful_of_joy,
          infiniplex_staircase_pool
Lair:6:   minmay_lair_end_enchanted_forest, lemuel_fruit_tree
Swamp:1:  evilmike_swamp_ruin_rubble_2
Swamp:2:  hangedman_swamp_diagram
Swamp:3:  serial_swamp_ruin, evilmike_swamp_ruin_house_1,
          evilmike_swamp_ruin_house_6
Swamp:4:  swamp, uniq_mara, uniq_nikola
Snake:1:  uniq_aizul
Snake:2:  minmay_shop_grove, grunt_megastairs_4, uniq_agnes, uniq_vashnia
Snake:4:  minmay_snake_end_coiled, uniq_asterion
Orc:1:    nicolae_orc_damp_corner, mines2_lemuel, uniq_josephine
Orc:2:    st_orc_ogre_mass, serial_shops, nicolae_shop_statue_plus, uniq_rupert,
          uniq_sonja, uniq_donald
Vaults:1: hangedman_vaults_corner_blocks, hangedman_vaults_snaps,
          grunt_vaults_hallway_long, v_rooms_4, ontoclasm_vaults_misaligned,
          ontoclasm_vaults_decontamination, serial_shops, shop_statue
Vaults:2: ontoclasm_vaults_gateway, ontoclasm_vaults_tryst,
          hangedman_vaults_locks, ontoclasm_vaults_loading_screen, st_check,
          vaults_room_boxed, minmay_crypt_entry_necro_gods,
          nicolae_vaults_three_branches, vaults_mumra_hexcomb,
          nicolae_vaults_circle_grid_a, v_alt_pattern_5,
          nicolae_vaults_rhombus_6, vaults_mumra_lcd,
          nicolae_vaults_windows_and_doors_thing
Vaults:3: v_misc_11, vaults_room_fours, v_misc_28, nicolae_vaults_network_star,
          nicolae_vaults_puzzle_piece, v_misc_13, hangedman_vaults_capsules,
          vaults_dpeg_ring, v_misc_19, nicolae_vaults_little_ls,
          nicolae_vaults_asterisk, st_cells, serial_shops, nicolae_shop_stone,
          uniq_boris
Vaults:4: vaults_room_semicircle, ontoclasm_vaults_spin, v_rooms_1,
          hangedman_vaults_slice, nicolae_vaults_sealed_display,
          grunt_vaults_swirl, hangedman_vaults_cutoff,
          nicolae_vaults_little_squares_3, vaults_room_guarded_vault,
          uniq_saint_roka
Depths:1: abyss_entry, serial_aquarium, aquarium_bridge_straight,
          aquarium_bridge_straight, aquarium_window_corner,
          aquarium_window_fake, aquarium_view_2b, grunt_hell_entry_dis_mu,
          special_room, minmay_misc_feat_plants, minmay_serpent_palace
Abyss:1:  minivault_24, hangedman_abyss_theft, small_statue_intersection
Bailey:   bailey_polearm_flooded_kennysheep, bailey

Skill      XL: |  1  2  3  4  5  6  7  8  9 10 11 12 13 14 15 16 17 18 19 20 21 22 |
---------------+-------------------------------------------------------------------+-----
Short Blades   | 1 2 |  2.7
Invocations    | 3 4 8 9 11 12 13 15 | 15.4
Fighting       | 4 5 7 8 9 11 12 13 15 16 17 18 19 | 19.5
Stealth        | 2 6 9 11 | 11.7
Maces & Flails | 4 6 8 9 11 12 | 12.8
Dodging        | 3 4 7 9 11 | 11.7
Axes           | 6 10 13 14 | 14.2
Shields        | 2 5 8 9 |  9.0
Armour         | 2 4 5 7 9 11 | 11.9
Staves         | 6 8 |  8.9

Action                   |  1- 3 |  4- 6 |  7- 9 | 10-12 | 13-15 | 16-18 | 19-21 | 22-24 || total
-------------------------+-------+-------+-------+-------+-------+-------+-------+-------++-------
Melee: Mace              |    28 |       |       |       |       |       |       |       ||    28
       Dagger            |    85 |    97 |       |       |       |       |       |       ||   182
       Flail             |       |    15 |   404 |   510 |       |     9 |       |       ||   938
       War axe           |       |       |       |   215 |  1002 |  1301 |  1529 |   106 ||  4153
       Constrict         |       |       |       |       |   228 |   270 |   297 |    33 ||   828
       Morningstar       |       |       |       |       |       |    25 |       |       ||    25
       Lajatang          |       |       |       |       |       |       |       |    96 ||    96
Invok: Depart the Abyss  |     1 |       |       |       |       |       |       |       ||     1
       Bend Space        |       |       |     3 |    13 |     6 |    10 |     7 |     6 ||    45
       Banish            |       |       |     1 |    28 |    27 |    27 |    26 |     1 ||   110
       Corrupt           |       |       |       |       |       |       |     1 |       ||     1
       Enter the Abyss   |       |       |       |       |       |       |       |     1 ||     1
 Abil: Spit Poison       |    10 |    19 |    35 |    43 |    20 |    13 |     5 |       ||   145
       Evoke Berserk Rag |       |     2 |    14 |     3 |       |       |       |       ||    19
Evoke: Lamp of fire      |       |       |       |     1 |     1 |     1 |       |     1 ||     4
       Wand              |       |       |       |     1 |       |       |       |     2 ||     3
  Use: Scroll            |       |     3 |     8 |     7 |     5 |    19 |    12 |     5 ||    59
       Potion            |       |       |       |     6 |     4 |     5 |       |     2 ||    17
 Stab: Distracted        |       |     1 |     1 |     1 |    15 |     7 |     5 |       ||    30
       Sleeping          |       |       |     3 |     9 |     5 |     6 |     4 |       ||    27
       Invisible         |       |       |       |       |     2 |       |       |       ||     2
  Eat: Chunk             |     2 |     6 |    18 |    17 |    37 |    28 |    13 |     2 ||   123
       Meat ration       |       |     1 |     2 |     6 |       |     4 |     5 |     1 ||    19
       Beef jerky        |       |       |     1 |       |       |       |     1 |       ||     2
Armor: Leather armour    |    27 |     4 |    89 |    75 |       |       |       |       ||   195
       Ring mail         |    10 |    38 |       |       |       |       |       |       ||    48
       Robe              |       |       |       |    57 |    86 |       |       |       ||   143
       Skin              |       |       |       |     6 |       |       |       |       ||     6
       Scale mail        |       |       |       |       |    86 |   109 |       |       ||   195
       Chain mail        |       |       |       |       |       |   296 |   413 |       ||   709
       Plate armour      |       |       |       |       |       |       |    83 |   160 ||   243
Dodge: Dodged            |    58 |    50 |   133 |   329 |   268 |   255 |   384 |    79 ||  1556
Block: Buckler           |       |       |       |    81 |   271 |       |       |       ||   352
       Reflection        |       |       |       |     5 |    22 |    53 |   135 |     4 ||   219
       Shield            |       |       |       |       |   132 |   806 |   970 |    41 ||  1949
       Other             |       |       |       |       |       |       |       |     2 ||     2
